 Dungeon Crawl Stone Soup version 0.30.1-11-g7821555f0a (webtiles) character file.

Game seed: 6460872476526543400

11785 RancidPinata the Covert (level 11, -10/82 HPs)
             Began as an Octopode Delver on Dec 23, 2023.
             Killed from afar by a tengu conjurer (35 damage)
             ... with a bolt of lightning
             ... on level 11 of the Dungeon on Dec 24, 2023.
             The game lasted 01:30:16 (15979 turns).

RancidPinata the Covert (Octopode Delver)          Turns: 15979, Time: 01:30:17

Health: -10/82     AC:  1    Str: 13    XL:     11   Next: 83%
Magic:  20/20      EV: 24    Int: 14    God:
Gold:   91         SH:  5    Dex: 21    Spells: 10/10 levels left

rFire   . . .        w - +1 short sword (venom)
rCold   x . .        B - +1 buckler
rNeg    . . .        (helmet restricted)
rPois   +            d - amulet of regeneration
rElec   .            r - ring of willpower
rCorr   +            z - ring of magical power
SInv    .            G - ring of poison resistance
Will    ++...        K - +5 ring of evasion
Stlth   +++++++      P - ring of Eneo {rC- Will+ rCorr Dex+6}
HPRegen 1.13/turn    (no ring)
MPRegen 0.17/turn    (no ring)
                     (no ring)

%: no passive effects
@: no status effects
A: almost no armour, amphibious, 8 rings, camouflage 1, gelatinous body 1,
(nimble swimmer 1), tentacles
a: no special abilities


You were on level 11 of the Dungeon.
You visited 4 branches of the dungeon, and saw 16 of its levels.

You collected 891 gold pieces.
You spent 800 gold pieces at shops.

Inventory:

Hand Weapons
 a - a +0 short sword
 w - a +1 short sword of venom (weapon)
 F - a +2 short sword of holy wrath
 S - a +1 vampiric dagger
Missiles
 q - 109 stones
 s - 11 poisoned darts (quivered)
 x - 8 boomerangs
 J - a curare-tipped dart
 N - 5 javelins
 Q - a throwing net
Armour
 B - a +1 buckler (worn)
Jewellery
 d - an amulet of regeneration (around mantle)
 r - a ring of willpower (left tentacle)
 z - a ring of magical power (right tentacle)
 G - a ring of poison resistance (on tentacle)
 K - a +5 ring of evasion (on tentacle)
 P - the ring of Eneo (on tentacle) {rC- Will+ rCorr Dex+6}
   (You bought it in a shop on level 2 of the Dungeon)

   [ring of dexterity]

   Dex:       It affects your dexterity (+6).
   rC:        It makes you vulnerable to cold.
   rCorr:     It protects you from acid and corrosion.
   Will:      It increases your willpower.
Wands
 f - a wand of digging (8)
 j - a wand of charming (11)
 n - a wand of polymorph (14)
 o - a wand of mindburst (4)
 C - a wand of iceblast (7)
 T - a wand of flame (13)
Scrolls
 b - 3 scrolls of fog
 c - 4 scrolls of magic mapping
 e - 3 scrolls of poison
 p - 4 scrolls of teleportation
 y - 3 scrolls of immolation
 D - 2 scrolls of brand weapon
 L - 2 scrolls of identify
Potions
 g - a potion of degeneration {unknown}
 h - a potion of berserk rage {unknown}
 i - a potion of heal wounds
 k - 2 potions of lignification {unknown}
 l - 3 potions of cancellation
 m - a potion of ambrosia {unknown}
 t - 3 potions of attraction
 u - 3 potions of brilliance
 v - 5 potions of flight
 A - a potion of invisibility {unknown}
 E - a potion of magic {unknown}
 H - a potion of resistance
 I - 3 potions of haste
 M - 2 potions of mutation
 O - a potion of might {unknown}


   Skills:
 * Level 10.9 Fighting
 * Level 8.8 Short Blades
 * Level 8.9 Dodging
 + Level 14.7 Stealth


You had 10 spell levels left.
You didn't know any spells.
Your spell library contained the following spells:

 Spells                   Type           Power      Damage    Failure   Level
 Freeze                   Ice            0%         1d3       38%         1
 Kiss of Death            Conj/Necr      0%         2d5       38%         1
 Cigotuvi's Dreadful Rot  Necr/Pois/Air  0%         N/A       52%         2
 Lesser Beckoning         Tloc           0%         N/A       52%         2
 Momentum Strike          Conj/Tloc      0%         3d8       52%         2
 Confusing Touch          Hex            0%         N/A       77%         3
 Frozen Ramparts          Ice            0%         1d1       77%         3
 Hailstorm                Conj/Ice       0%         3d3       77%         3
 Ignite Poison            Fire/Tmut/Pois 0%         N/A       77%         3
 Vhi's Electric Charge    Tloc/Air       0%         N/A       77%         3
 Animate Dead             Necr           0%         N/A       99%         4
 Dispel Undead            Necr           0%         3d6       99%         4
 Borgnjor's Vile Clutch   Necr/Erth      0%         N/A       100%        5
 Freezing Cloud           Conj/Ice/Air   0%         6-21      100%        5
 Summon Forest            Summ/Tloc      0%         N/A       100%        5
 Summon Mana Viper        Hex/Summ       0%         N/A       100%        5
 Death Channel            Necr           0%         N/A       100%        6
 Summon Cactus Giant      Summ           0%         N/A       100%        6


Dungeon Overview and Level Annotations

Branches:
Dungeon (13/15)            Temple (1/1) D:5            Lair (1/5) D:9
    Orc (1/2) D:9
 Vaults: D:13-14

Altars:
Ashenzari
Cheibriados
Dithmenos
Elyvilon
Fedhas
Gozag
Hepliaklqana
Kikubaaqudgha
Makhleb
Nemelex Xobeh
Okawaru
Qazlal
Ru
Sif Muna
Trog
Uskayaw
Vehumet
Wu Jian
Xom
Yredelemnul
Zin
The Shining One

Shops:
D:1 =(:   D:2 =   D:3 (   D:10 !

Annotations:
D:8 Amaemon
D:9 2 transporters, ritesign's ghost, novice HuMo
D:11 Snorg
D:12 Frances


Innate Abilities, Weirdness & Mutations

You cannot wear most types of armour.
You are amphibious.
You can wear up to eight rings at the same time.
Your skin changes colour to match your surroundings (Stealth+).
Your rubbery body absorbs attacks. (AC +1, EV +1)
((You are camouflaged when in or above water. (Stealth+)))
You have tentacles for arms and can constrict up to eight enemies at once.


Message History

You hit the acid dragon.
The acid dragon is heavily wounded.
Something misses you. The acid dragon bites you. The acid dragon claws you.
You hit the acid dragon but do no damage.
The acid dragon is heavily wounded.
Something hits you!
The tengu conjurer mumbles some strange words.
The tengu conjurer conjures a globe of magical energy!
A battlesphere comes into view.
You hit the acid dragon but do no damage.
Your squeeze misses the acid dragon.
The acid dragon is heavily wounded.
The acid dragon completely misses you. x2; Something hits you.
The tengu conjurer casts a spell at you.
The bolt of lightning misses you.
You hit the acid dragon but do no damage.
You squeeze the acid dragon!
The acid dragon is severely wounded.
Something barely misses you. The acid dragon closely misses you.
The acid dragon barely misses you.
You hit the acid dragon but do no damage.
The acid dragon is severely wounded.
The tengu conjurer completely misses you.
The tengu conjurer closely misses you.
The tengu conjurer completely misses you.
You closely miss the acid dragon. You squeeze the acid dragon.
The acid dragon is almost dead.
Something closely misses you. Something completely misses you.
The acid dragon bites you! The acid dragon completely misses you.
You hit the acid dragon.
You kill the acid dragon!
The acid dragon scales are intact enough to wear.
The tengu conjurer closely misses you. The tengu conjurer pecks you.
* * * LOW HITPOINT WARNING * * *
The tengu conjurer barely misses you. Something hits you!
* * * LOW HITPOINT WARNING * * *
You feel better.
The tengu conjurer gestures at you while chanting.
The bolt of lightning hits you!!
You die...

#. #........ #.
#......... #.
#.......... #.
#...........#####.
#^..*.............
#...............).
#.Q...............
#@[...............
#......:....###..)
#.......... ##..
#......... ####.
########..)......
#....
.........########
#.##. ########.#
#.##. #.# #.##.
#.# #.##.


You could see a tengu conjurer and a battlesphere.

Vanquished Creatures
  A boulder beetle (D:12)
  3 two-headed ogres
  A cyclops (D:11)
  2 ugly things
  Maurice (D:11)
  A cane toad (Lair:1)
  Maggie (D:7)
  A kobold demonologist (D:10)
  The ghost of onlghost the Ducker, an amateur TrFi (D:5)
  2 trolls
  A hornet (D:7)
  2 wyverns
  7 yaks
  A basilisk (Lair:1)
  A wraith (D:9)
  4 vampire mosquitoes (D:12)
  A water moccasin (D:8)
  5 acid dragons
  9 orc warriors
  3 ogres
  2 centaurs
  3 phantoms
  A kobold brigand (D:9)
  4 gnoll sergeants
  3 scorpions
  2 bullfrogs
  5 wights (D:6)
  5 killer bees
  4 howler monkeys
  A jelly (D:5)
  5 hounds
  8 orc priests
  2 iguanas (D:5)
  Jessica (D:2)
  2 sleepcaps
  12 orc wizards
  9 adders
  22 gnolls
  A white imp (D:6)
  3 worms
  4 dart slugs
  26 orcs
  9 endoplasms
  4 giant cockroaches
  6 goblins
  4 hobgoblins
  8 kobolds
  2 quokkas
  7 ball pythons
  5 bats
  2 frilled lizards
  2 rats (D:2)
222 creatures vanquished.

Vanquished Creatures (others)
  The ghost of MiddleoftheRoad the Conjurer, a novice TeRe of Fedhas (D:6)
  A troll (D:6)
  An adder (D:5)
3 creatures vanquished.

Grand Total: 225 creatures vanquished

Notes
Turn   | Place    | Note
-------+----------+-------------------------------------------
     0 | D:5      | RancidPinata the Octopode Delver began the quest for the
                  | Orb.
     0 | D:5      | Reached XP level 1. HP: 16/16 MP: 1/1
   143 | D:7      | Noticed a hornet
   172 | D:5      | Reached XP level 2. HP: 16/21 MP: 2/2
   302 | D:5      | Noticed a phantom
   318 | D:4      | Noticed a scorpion
   341 | D:4      | Noticed a scorpion
   381 | D:4      | Noticed an ogre
   413 | D:4      | Noticed a phantom
   496 | D:4      | Reached skill level 7 in Stealth
   496 | D:4      | Reached XP level 3. HP: 17/26 MP: 3/3
   910 | D:3      | Reached XP level 4. HP: 32/33 MP: 4/4
  1174 | D:3      | Found Pinann's Antique Weapon Emporium.
  1366 | D:2      | Noticed Jessica
  1371 | D:2      | Killed Jessica
  1408 | D:2      | Reached XP level 5. HP: 37/37 MP: 5/5
  1409 | D:2      | Found Hyac's One-of-a-Kind Rings.
  1432 | D:2      | Got the Compilation of the Fulgent Tesseract
  1765 | D:2      | Found a faded altar of an unknown god.
  1885 | D:1      | Found Kaijis's Jewellery Shoppe.
  1911 | D:1      | Found Oqauzih's Antique Weapon Shop.
  1975 | D:1      | Found Etiboite's Book Shop.
  2560 | D:2      | Reached skill level 8 in Stealth
  2701 | D:4      | Reached XP level 6. HP: 35/44 MP: 6/6
  3141 | D:4      | Reached skill level 5 in Fighting
  3141 | D:4      | Reached XP level 7. HP: 26/50 MP: 7/7
  3323 | D:4      | Reached skill level 9 in Stealth
  3443 | D:5      | Found a runed translucent door.
  3631 | D:5      | Noticed onlghost's ghost (amateur TrFi)
  3802 | D:5      | Found a staircase to the Ecumenical Temple.
  3811 | Temple   | Entered the Ecumenical Temple
  3953 | D:5      | Reached XP level 8. HP: 57/57 MP: 8/8
  4326 | D:6      | Found an iron altar of Okawaru.
  4363 | D:6      | Found a runed translucent gate.
  4363 | D:6      | Found a runed translucent gate.
  4363 | D:6      | Found a runed translucent gate.
  4364 | D:6      | Found an opulent altar of Gozag.
  4365 | D:6      | Noticed MiddleoftheRoad's ghost (novice TeRe)
  4366 | D:6      | Noticed a two-headed ogre
  4367 | D:6      | Noticed a troll
  4367 | D:6      | Noticed a yak
  4642 | D:6      | Reached skill level 10 in Stealth
  5518 | D:7      | Noticed Maggie
  6104 | D:6      | Reached skill level 11 in Stealth
  6489 | D:7      | Reached XP level 9. HP: 60/64 MP: 9/9
  6739 | D:7      | Killed Maggie
  6740 | D:7      | Reached skill level 5 in Short Blades
  6856 | D:7      | Reached skill level 5 in Dodging
  7483 | D:8      | Found an ornate altar of the Wu Jian Council.
  8294 | D:8      | Reached skill level 12 in Stealth
  8372 | D:8      | Noticed Amaemon
  8372 | D:8      | Noticed an orange demon
  8833 | D:8      | Found a bloodstained altar of Trog.
  8861 | D:7      | Killed a hornet
  9048 | D:8      | Found a shadowy altar of Dithmenos.
  9160 | D:8      | Found a sacrificial altar of Ru.
  9280 | D:10     | Entered Level 10 of the Dungeon
  9287 | D:10     | Found Disch's Distillery.
  9381 | D:9      | Noticed ritesign's ghost (novice HuMo)
  9382 | D:9      | Found a transporter.
  9383 | D:9      | Noticed a two-headed ogre
  9384 | D:9      | Noticed a two-headed ogre
  9384 | D:9      | Identified the +9 great mace of the Pill Bug {drain, Fly
                  | rC- rN+++ Int+3}
  9384 | D:9      | Noticed a two-headed ogre
  9386 | D:9      | Found a transporter.
  9388 | D:9      | Noticed a two-headed ogre
  9556 | D:9      | Found a staircase to the Lair.
  9558 | D:9      | Noticed a troll
  9574 | D:9      | Reached skill level 13 in Stealth
  9574 | D:9      | Reached XP level 10. HP: 73/73 MP: 10/10
  9841 | D:9      | Found a staircase to the Orcish Mines.
  9928 | Lair:1   | Entered Level 1 of the Lair of Beasts
  9947 | Lair:1   | Noticed a death yak
  9948 | Lair:1   | Noticed a death yak
  9948 | Lair:1   | Noticed a death yak
 10052 | Lair:1   | Noticed a cane toad
 10065 | Lair:1   | Killed a cane toad
 10302 | Orc:1    | Entered Level 1 of the Orcish Mines
 10655 | Orc:1    | Noticed an orc sorcerer
 11814 | D:10     | Noticed a kobold demonologist
 11822 | D:10     | Killed a kobold demonologist
 12513 | D:10     | Noticed a two-headed ogre
 12646 | D:9      | Noticed a two-headed ogre
 13278 | D:5      | Killed onlghost's ghost
 13386 | D:6      | Reached skill level 14 in Stealth
 13416 | D:6      | Killed MiddleoftheRoad's ghost
 13434 | D:6      | Killed a two-headed ogre
 13435 | D:6      | Reached XP level 11. HP: 47/81 MP: 11/11
 13659 | D:2      | Bought the ring of Eneo {rC- Will+ rCorr Dex+6} for 613
                  | gold pieces
 13774 | D:9      | Killed a two-headed ogre
 13775 | D:9      | Reached skill level 10 in Fighting
 14021 | Lair:1   | Noticed a death yak
 14021 | Lair:1   | Noticed a death yak
 14205 | Orc:1    | Noticed an orc high priest
 14349 | D:9      | Killed a two-headed ogre
 14575 | D:10     | Bought a potion of heal wounds for 85 gold pieces
 14575 | D:10     | Bought a potion of curing for 51 gold pieces
 14575 | D:10     | Bought a potion of curing for 51 gold pieces
 14732 | D:12     | Noticed a boulder beetle
 14796 | D:11     | Noticed a manticore
 14955 | D:11     | Noticed Snorg
 15146 | D:11     | Noticed a cyclops
 15153 | D:11     | Killed a cyclops
 15266 | D:11     | Noticed Maurice
 15267 | D:11     | Noticed a brown ugly thing
 15298 | D:11     | Killed a brown ugly thing
 15312 | D:11     | Killed Maurice
 15534 | D:12     | Noticed Frances
 15561 | D:13     | Noticed a centaur warrior
 15600 | D:12     | Noticed a white ugly thing
 15612 | D:12     | Killed a white ugly thing
 15703 | D:12     | Killed a boulder beetle
 15979 | D:11     | Killed from afar by a tengu conjurer

Illustrated notes

Levels and vault maps discovered:
D:1:      co_arrival_square_in_a_square_in_a_square, layout_rooms, serial_shops,
          shop, shop, shop
D:2:      layout_basic, shapermc_ecumenical_altar_totnotflames,
          nicolae_shop_unique_rings, uniq_jessica
D:3:      layout_loops_ring, serial_shops, shop
D:4:      layout_basic, grunt_decor_arrowhead, due_unseen_surprise
D:5:      layout_cave_pools, lemuel_temple_firewalk_a, ebering_ghost_sewer_d,
          serial_park_tiny_1, uniq_prince_ribbit1
D:6:      layout_basic, general_overflow_altar, ebering_ghost_gozag
D:7:      layout_basic, kennysheep_generic_room_14, uniq_maggie
D:8:      layout_basic, nicolae_wu_jian_wuxing_cycle, mainiacjoe_overflow_swirl,
          david_defended_altar_orc, uniq_amaemon
D:9:      layout_layer_cave, lair_entry_dummy, orc_0_dummy,
          gammafunk_ghost_smash
D:10:     layout_grid_maze, serial_shops,
          nicolae_shop_temple_entry_statues_fountains
D:11:     layout_basic, hangedman_abyss_or_decor_stabs, uniq_snorg, uniq_maurice
D:12:     cheibrodos_quadrivalence, layout_basic, uniq_frances, uniq_rupert
D:13:     evilmike_halls_of_destruction, layout_loops_ring, uniq_azrael
Temple:   nicolae_temple_no_exploring_needed
Lair:1:   layout_hall_layers, nicolae_lair_liquid_snakes, grunt_megastairs_2
Orc:1:    layout_diamond_mine

Skill      XL: |  1  2  3  4  5  6  7  8  9 10 11 |
---------------+----------------------------------+-----
Stealth        | 7 8 9 11 13 14 | 14.7
Fighting       | 4 5 7 8 9 10 | 10.9
Short Blades   | 3 4 5 7 8 |  8.8
Dodging        | 3 4 5 7 8 |  8.9

Action                     |  1- 3 |  4- 6 |  7- 9 | 10-12 || total
---------------------------+-------+-------+-------+-------++-------
  Melee: Short sword       |    26 |   115 |   238 |   494 ||   873
         Tentacles         |     8 |    23 |    75 |   148 ||   254
         Constrict         |     5 |    25 |    47 |    51 ||   128
         Punch             |       |     1 |     5 |     9 ||    15
  Throw: Dart              |       |     5 |       |    22 ||    27
         Stone             |       |       |    15 |       ||    15
         Boomerang         |       |       |    11 |       ||    11
         Javelin           |       |       |     2 |     4 ||     6
  Evoke: Wand              |       |     1 |       |     2 ||     3
    Use: Scroll            |       |     2 |     9 |     6 ||    17
         Potion            |       |       |     9 |     6 ||    15
   Stab: Sleeping          |     4 |    21 |    18 |     5 ||    48
         Distracted        |       |     1 |     3 |     1 ||     5
 Armour: Skin              |       |     6 |     6 |     8 ||    20
  Dodge: Dodged            |    17 |    49 |   113 |   295 ||   474
  Block: Buckler           |       |       |    15 |    71 ||    86
